 Dungeon Crawl Stone Soup version 0.28.0-47-ge53b351184 (webtiles) character file.

Game seed: 9099173277228889698

9 101zpm the Magician (level 2, -2/24 HPs)
             Began as a Troll Hedge Wizard on Apr 28, 2022.
             Slain by a gnoll
             ... wielding a +0 flail of pain
              (6 damage)
             ... on level 2 of the Dungeon.
             The game lasted 00:01:59 (636 turns).

101zpm the Magician (Troll Hedge Wizard)             Turns: 636, Time: 00:02:00

Health: -2/24      AC:  4    Str: 17    XL:     2   Next: 6%
Magic:  4/4        EV:  9    Int: 10    God:
Gold:   18         SH:  0    Dex:  9    Spells: 4/5 levels left

rFire   . . .      SeeInvis .   g - +0 mace (vorpal)
rCold   . . .      Faith    .   (no shield)
rNeg    . . .      Spirit   .   b - +0 robe
rPois   .          Reflect  .   c - +0 hat
rElec   .          Harm     .   (no cloak)
rCorr   .          Rampage  .   (gloves unavailable)
Will    .....                   (boots unavailable)
Stlth   +.........              (no amulet)
HPRegen 0.88/turn               (no ring)
MPRegen 0.09/turn               (no ring)

@: no status effects
A: large, unfitting armour, claws 3, regeneration 1, shaggy fur 1, tough skin 1
a: no special abilities


You were on level 2 of the Dungeon.
You visited 1 branch of the dungeon, and saw 2 of its levels.

You collected 18 gold pieces.

Inventory:

Hand Weapons
 a - a +0 dagger
 g - a +0 vorpal mace (weapon)
Armour
 b - a +0 robe (worn)
 c - a +0 hat (worn)
Scrolls
 d - a scroll of silence {unknown}
 h - a scroll of summoning {unknown}
Potions
 e - 2 potions of curing {unknown}
 f - a potion of lignification {unknown}
 i - 2 potions of brilliance {unknown}


   Skills:
 + Level 0.2 Short Blades
 + Level 1.7 Dodging
 + Level 1.1 Stealth
 + Level 2.1 Spellcasting
 + Level 0.7 Conjurations
 + Level 0.6 Summonings
 + Level 0.6 Translocations


You had 4 spell levels left.
You knew the following spells:

 Your Spells              Type           Power      Damage    Failure   Level
a - Magic Dart            Conj           8%         1d3       22%         1

Your spell library contained the following spells:

 Spells                   Type           Power      Damage    Failure   Level
 Slow                     Hex            4%         N/A       30%         1
 Blink                    Tloc           4%         N/A       36%         2
 Call Imp                 Summ           2%         N/A       36%         2
 Conjure Flame            Conj/Fire      1%         6-21      63%         3
 Mephitic Cloud           Conj/Pois/Air  1%         N/A       63%         3
 Summon Ice Beast         Ice/Summ       1%         N/A       95%         4
 Summon Mana Viper        Hex/Summ       1%         N/A       100%        5
 Monstrous Menagerie      Summ           1%         N/A       100%        7


Dungeon Overview and Level Annotations

Branches:
Dungeon (2/15)

Altars:
Makhleb


Innate Abilities, Weirdness & Mutations

You are too large for most types of armour.
You have claws for hands.
Your natural rate of healing is unusually fast.
You are covered in fur. (AC +1)
You have tough skin. (AC +1)


Message History

The kobold throws a stone.
The stone completely misses you.
You open the door.
The kobold throws a stone.
The stone closely misses you.
There is an open door here.
You hit the gnoll.
The gnoll is lightly wounded.
The gnoll hits you with a +0 flail of pain.
The gnoll shaman calls upon its god to heal the gnoll.
The gnoll's wounds heal themselves!
The gnoll hits you with a +0 flail of pain.
You writhe in agony.
The gnoll shaman calls upon its god to speed up the gnoll.
The gnoll seems to speed up.
You see here a quokka corpse.
There is an open door here.
The gnoll hits you with a +0 flail of pain.
The gnoll hits you with a +0 flail of pain!
You writhe in agony.
The gnoll closely misses you. The gnoll hits you but does no damage.
The gnoll hits you but does no damage.
There is an open door here.
The gnoll hits you with a +0 flail of pain.
The gnoll barely misses you. The gnoll misses you. The gnoll barely misses you.
You see here a +0 dagger.
The gnoll hits you with a +0 flail of pain!
The gnoll hits you with a +0 flail of pain.
The gnoll hits you with a +0 flail of pain.
You writhe in agony.
The gnoll barely misses you. The gnoll closely misses you.
The gnoll barely misses you.
The gnoll hits you with a +0 flail of pain.
The gnoll hits you with a +0 flail of pain!
Ouch! That really hurt!
* * * LOW HITPOINT WARNING * * *
The gnoll is no longer moving quickly.
The gnoll hits you with a +0 flail of pain.
You die...

# ### ### #.. ... ##' ## ... ..
#.# #.# ##.. .## #.##.## #.#
#.#### ##... ..##.##.....# #.#
#.##.## ##....
...#.##.>...###.###.#...####.....
...........................+.....
............#####.#.....## #.....
..#.####.##.# #...###.## ##....
.##.####.##.# #@..#.#..# ##...
###.##......# #g.#.♣.#[# ##.. #
#.##.#.#### ##..#.#..# ##'
#.##.#.# ##.###.## #K #.##.#.#
##...## #g ###......# #g### ##.
...###.### #.# ##.. .#.# #.# #.#
#... ##.# #.# #g# ####..


You could see a gnoll shaman and a gnoll.

Vanquished Creatures
  A giant cockroach (D:2)
  A hobgoblin (D:1)
  2 kobolds
  A quokka (D:2)
  A ball python (D:1)
  2 bats (D:1)
  A rat (D:1)
9 creatures vanquished.

Notes
Turn   | Place    | Note
-------+----------+-------------------------------------------
     0 | D:1      | 101zpm the Troll Hedge Wizard began the quest for the Orb.
     0 | D:1      | Reached XP level 1. HP: 16/16 MP: 2/2
   435 | D:2      | Reached XP level 2. HP: 24/24 MP: 0/4
   474 | D:2      | Found a burning altar of Makhleb.
   633 | D:2      | HP: 1/24 [gnoll/+0 flail of pain (13)]
   636 | D:2      | Slain by a gnoll

Illustrated notes

Levels and vault maps discovered:
D:1:      dpeg_arrival_shelter, layout_rooms
D:2:      layout_loops_corners, basic_altar, ebering_ecumenical_altar_box,
          grunt_decor_one_mirror, kennysheep_flooded_box

Action                   || total
-------------------------++-------
Melee: Mace              ||    18
       Dagger            ||    11
 Cast: Magic Dart        ||    13
Armor: Robe              ||    16
Dodge: Dodged            ||    29
